 Dungeon Crawl Stone Soup version 0.30-a0-711-gf4ac18a38d (webtiles) character file.

Game seed: 4504630731320506412

300 demibob the Cleaver (level 6, -3/51 HPs)
             Began as a Hill Orc Cinder Acolyte on Jan 22, 2023.
             Was a High Priest of Ignis.
             Slain by an orc wizard
             ... wielding a +0 dagger
              (4 damage)
             ... on level 3 of the Dungeon.
             The game lasted 00:03:27 (2278 turns).

demibob the Cleaver (Hill Orc Cinder Acolyte)       Turns: 2278, Time: 00:03:28

Health: -3/51      AC:  2    Str: 16 (19) XL:     6   Next: 36%
Magic:  7/7        EV: 11    Int: 11 (14) God:    Ignis [*****.]
Gold:   264        SH:  0    Dex:  4 (6)  Spells: 7/7 levels left

rFire   + . .      SeeInvis .    a - -1 hand axe (flame)
rCold   . . .      Faith    .    (no shield)
rNeg    . . .      Spirit   .    b - +0 robe
rPois   .          Reflect  .    (no helmet)
rElec   .          Harm     .    (no cloak)
rCorr   .          Rampage  .    (no gloves)
Will    .....                    (no boots)
Stlth   +                        (no amulet)
HPRegen 0.28/turn                (no ring)
MPRegen 0.10/turn                (no ring)

@: on berserk cooldown
A: no striking features
a: Renounce Religion, Convert to Beogh, Fiery Armour, Foxfire Swarm, Rising
Flame


You were on level 3 of the Dungeon.
You worshipped Ignis.
Ignis was extremely pleased with you.
You visited 1 branch of the dungeon, and saw 3 of its levels.

You collected 264 gold pieces.


   Skills:
 - Level 3.6 Fighting
 + Level 9.2 Axes
 - Level 1.0 Spellcasting
 - Level 3.2 Fire Magic


You had 7 spell levels left.
You didn't know any spells.
Your spell library contained the following spells:

 Spells                   Type           Power      Damage    Failure   Level
 Scorch                   Fire           14%        2d6       13%         2
 Sublimation of Blood     Necr           0%         N/A       43%         2
 Wereblood                Tmut           0%         N/A       43%         2
 Summon Hydra             Summ           0%         N/A       100%        7

Inventory:

Hand Weapons
 a - a -1 hand axe of flaming (weapon)
Armour
 b - a +0 robe (worn)
 k - a +0 helmet
Jewellery
 e - an amulet of the acrobat
Scrolls
 d - a scroll of teleportation {@r2}
 h - a scroll of identify {@r1}
Potions
 n - 2 potions of brilliance

Dungeon Overview and Level Annotations

Branches:
Dungeon (3/15)

Altars:

Shops:
D:1

( #....# #.# #
#....# #.#### #....#
#..#.. #....#
#####.#.. ###.##
#........ #.#
#..###.... #.# #.
#.#.. #.# #.###
#@####.# #...
#{o....# #..#
#<.).....!.# ##..#
#..##.......# ...
#... .......... #)#
###
#.#......######.###
..#........).......
#.##......####...†..
.. #......###..#.###


You could see an orc priest.


Message History

* * * LOW HITPOINT WARNING * * *
The orc priest hits you with a +0 flail.
* * * LOW HITPOINT WARNING * * *
Something hits you.
* * * LOW HITPOINT WARNING * * *
Your magical effects are unravelling.
You feel magically purged.
You feel yourself speed up.
You feel less confused.
You feel a little less mighty now.
You feel a little less clever now. Something hits you.
* * * LOW HITPOINT WARNING * * *
The orc priest hits you but does no damage.
You barely miss something.
You hit the orc priest but do no damage.
Something hits you.
* * * LOW HITPOINT WARNING * * *
The orc priest mumbles some strange prayers to Beogh against you.
Beogh smites you!
* * * LOW HITPOINT WARNING * * *
You closely miss something. You barely miss the orc priest. Something hits you.
* * * LOW HITPOINT WARNING * * *
The orc priest barely misses you.
Press: ? - help, v - describe, . - travel The floor.
The orc priest shouts, "Surrender to Beogh and we'll let you live!"
You hit the orc priest. You burn the orc priest.
The orc priest is lightly wounded.
The orc priest shouts, "Beogh is our master!
Accept the truth or die!"
You hit something. You burn something. Something hits you.
You die...

Skill      XL: |  1  2  3  4  5  6 |
---------------+-------------------+-----
Axes           | 5 6 8 9 |  9.2
Fighting       | |  3.6
Spellcasting   | |  1.0
Fire Magic     | |  3.2

Action                     |  1- 3 |  4- 6 || total
---------------------------+-------+-------++-------
  Melee: Hand axe          |   139 |   131 ||   270
         Punch             |       |     1 ||     1
    Use: Scroll            |       |     5 ||     5
         Potion            |       |     8 ||     8
 Armour: Robe              |    30 |    13 ||    43
  Dodge: Dodged            |    74 |    55 ||   129

Levels and vault maps discovered:
D:1:      onia_arrival_pyramid, layout_loops_ring, serial_shops,
          nicolae_shop_crystal, minivault_4
D:2:      layout_basic, minmay_misc_feat_four_crosses
D:3:      layout_rooms, nicolae_overflow_crystal_walls, minmay_guardbox

Notes
Turn   | Place    | Note
-------+----------+-------------------------------------------
     0 | D:1      | demibob the Hill Orc Cinder Acolyte began the quest for the
                  | Orb.
     0 | D:1      | Reached XP level 1. HP: 19/19 MP: 2/2
   158 | D:1      | Reached XP level 2. HP: 24/26 MP: 3/3
   271 | D:1      | Reached skill level 5 in Axes
   408 | D:1      | You fall into a shaft and drop 1 floor!
   457 | D:2      | Reached XP level 3. HP: 29/31 MP: 4/4
   735 | D:2      | Reached skill level 6 in Axes
  1023 | D:2      | Reached XP level 4. HP: 27/39 MP: 5/5
  1248 | D:1      | Found Xoup's Antique Weapon Shop.
  1551 | D:3      | Noticed a water moccasin
  1573 | D:3      | Killed a water moccasin
  1574 | D:3      | Reached skill level 8 in Axes
  1574 | D:3      | Reached XP level 5. HP: 14/45 MP: 6/6
  1861 | D:3      | Reached XP level 6. HP: 28/51 MP: 7/7
  2256 | D:3      | Reached skill level 9 in Axes
  2276 | D:3      | HP: 1/51 [orc priest/divine providence (8)]
  2278 | D:3      | Slain by an orc wizard

Vanquished Creatures
  A water moccasin (D:3)
  An orc priest (D:3)
  A gnoll (D:3)
  7 adders
  3 worms
  4 dart slugs
  2 orcs (D:3)
  4 ball pythons
  5 endoplasms
  5 giant cockroaches
  6 goblins
  7 hobgoblins
  2 jackals (D:1)
  2 quokkas
  5 bats
  5 frilled lizards
  5 kobolds
  9 rats
74 creatures vanquished.

Table legend: (Time is in decaauts)
 A = Elapsed time spent in this place.
 B = Non-inter-level travel time spent in this place.
 C = Inter-level travel time spent in this place.
 D = Time resting spent in this place.
 E = Time spent auto-exploring this place.
 F = Levels seen in this place.
 G = Mean time per level.
                   A        B        C        D        E       F      G
               +--------+--------+--------+--------+--------+-----+--------+
         Total |   2272 |   2234 |     38 |    193 |   1503 |   3 |  757.3 |
       Dungeon |   2272 |   2234 |     38 |    193 |   1503 |   3 |  757.3 |
               +--------+--------+--------+--------+--------+-----+--------+

Top non-repeatable levels by time:
     D:1: 780 daAuts
     D:2: 766 daAuts
     D:3: 726 daAuts

Table legend:
 A = Non-vault XP
 B = Vault XP
 C = Vault XP percentage of total XP
 D = Non-vault monster count
 E = Vault monster count
 F = Vault count percentage of total count
                 A         B        C        D         E       F
            +---------+---------+-------+---------+---------+-------
      Total |     367 |      62 |  14.5 |      62 |      12 |  16.2
            +---------+---------+-------+---------+---------+-------
        D:1 |      46 |       0 |   0.0 |      26 |       0 |   0.0
        D:2 |      62 |       0 |   0.0 |      21 |       0 |   0.0
        D:3 |     259 |      62 |  19.3 |      15 |      12 |  44.4
            +---------+---------+-------+---------+---------+-------
